Map: Babylon LE

Players

古明地觉

  • Race: Terran Terran
  • League: Grandmaster
  • Spawn Location: 5:00

llllllllllll - Winner!

  • Race: Protoss Protoss
  • League: Master
  • Spawn Location: 11:00

VOD

Have the link to the VOD?

Description

Time

  • Played on: May 21, 2023, 8:12 a.m.
  • Length: 17:59
Show
View Real Time Build Order
Export as new Build Order

古明地觉 Terran 

Build Orders:  

Get SALT Encoding   

  12  0:00  SCV  
  13  0:12  SCV  
  14  0:17  Supply Depot  
  14  0:24  SCV  
  15  0:39  SCV  
  15  0:40  Barracks  
  16  0:44  Refinery  
  16  0:51  SCV  
  17  1:03  SCV  
  18  1:15  SCV  
  19  1:28  Orbital Command  
  20  1:36  Command Center  
  19  1:40  Marine  
  20  1:53  Factory  
  20  1:54  SCV  
  21  2:03  Bunker  
  21  2:05  Barracks Reactor  
  21  2:08  SCV  
  22  2:16  Supply Depot  
  22  2:20  SCV  
  23  2:23  Refinery  
  23  2:38  Hellion, SCV  
  23  2:40  Starport  
  26  2:49  Orbital Command  
  26  2:50  SCV  
  27  2:57  Marine x2  
  29  3:02  SCV  
  29  3:04  Widow Mine  
  32  3:14  SCV  
  32  3:15  SCV  
  32  3:16  Marine x2  
  32  3:19  Medivac  
  38  3:25  Supply Depot  
  38  3:27  SCV  
  39  3:28  Factory Tech Lab  
  39  3:31  SCV  
  40  3:34  Marine x2  
  40  3:39  SCV  
  43  3:43  SCV  
  42  3:53  SCV  
  42  3:56  Marine x2  
  42  4:00  SCV  
  48  4:08  SCV  
  46  4:12  Barracks  
  46  4:13  SCV  
  46  4:14  Barracks, Factory Tech Lab  
  49  4:20  SCV  
  49  4:22  Supply Depot, Engineering Bay  
  48  4:24  Marine  
  48  4:25  Marine, SCV  
  48  4:27  Starport Reactor  
  48  4:30  Refinery  
  51  4:32  SCV  
  51  4:37  Factory Reactor, SCV  
  53  4:43  Marine x2  
  53  4:44  SCV  
  56  4:49  SCV  
  57  4:53  Terran Infantry Weapons Level 1  
  57  4:54  Supply Depot  
  57  4:56  SCV  
  58  5:01  SCV  
  58  5:03  Supply Depot  
  58  5:04  Supply Depot  
  58  5:05  Viking  
  61  5:08  SCV  
  62  5:15  Marine x2  
  62  5:16  Marauder x2, Widow Mine x2  
  62  5:17  Stimpack  
  62  5:18  Combat Shield  
  70  5:24  SCV, Refinery  
  70  5:26  Supply Depot  
  71  5:31  Missile Turret  
  71  5:35  Medivac x2  
  75  5:41  Marauder x2  
  79  5:42  Marine  
  79  5:43  Marine  
  79  5:53  Widow Mine x2, SCV  
  84  6:01  Supply Depot  
  84  6:03  Marine x2, Marauder x2  
  90  6:21  Widow Mine x2  
  90  6:23  Medivac x2, Command Center  
  98  6:26  Marine x2, Supply Depot  
  98  6:27  Marine x2  
  98  6:33  SCV  
  98  6:38  SCV  
  99  6:43  Concussive Shells  
  96  7:00  Viking x2  
  96  7:01  SCV x2  
  100  7:02  Widow Mine x2  
  100  7:03  Marine  
  100  7:04  Marine, Marauder x2  
  100  7:06  Terran Infantry Armor Level 1  
  110  7:10  Barracks  
  110  7:14  Barracks  
  110  7:35  Command Center  
  110  7:42  Armory  
  110  7:47  Marine x2, SCV x2  
  110  7:49  Orbital Command  
  114  8:00  SCV x2, Viking  
  114  8:02  Viking  
  114  8:05  Barracks Tech Lab  
  120  8:06  Missile Turret  
  120  8:11  Factory Tech Lab  
  120  8:12  SCV  
  119  8:15  SCV x2  
  121  8:21  Ghost Academy  
  121  8:22  Engineering Bay  
  121  8:24  SCV  
  122  8:27  SCV x2  
  124  8:36  SCV  
  124  8:38  Starport  
  125  8:44  Refinery  
  125  8:45  Supply Depot  
  125  8:47  Siege Tank, Supply Depot, Viking x2, SCV x2  
  125  8:48  Supply Depot, SCV  
  133  8:56  Ghost x3  
  133  8:59  SCV  
  140  9:03  Bunker  
  140  9:06  SCV x2  
  140  9:09  Missile Turret, Terran Infantry Weapons Level 2  
  142  9:12  SCV  
  142  9:16  Planetary Fortress  
  143  9:18  Starport Reactor  
  143  9:24  Ghost  
  143  9:25  SCV x2  
  143  9:30  Ghost, Marine  
  143  9:31  Marine, Marauder  
  153  9:32  SCV  
  153  9:34  Missile Turret  
  153  9:37  SCV x2  
  156  9:40  Viking x2  
  156  9:44  SCV  
  161  9:51  Barracks  
  162  9:52  SCV  
  162  9:54  Ghost, Refinery  
  162  9:55  Barracks  
  162  9:57  Barracks  
  164  10:05  Supply Depot  
  164  10:18  Command Center  
  164  10:19  Marine x2, Viking x2  
  164  10:20  Marauder, Supply Depot  
  172  10:22  Supply Depot  
  172  10:24  Terran Ship Weapons Level 1  
  172  10:26  Siege Tank, SCV x3  
  178  10:29  Refinery  
  178  10:43  Ghost x2  
  178  10:45  Barracks Tech Lab  
  178  10:49  Marine x4, Marauder  
  188  10:50  Barracks Tech Lab x2  
  188  10:56  Command Center  
  188  10:59  Missile Turret  
  188  11:01  Missile Turret  
  188  11:07  Viking  
  188  11:08  Viking x2  
  193  11:27  Viking  
  193  11:29  Ghost, Marine  
  193  11:30  Marauder  
  200  11:45  Liberator x2  
  190  11:47  Fusion Core  
  190  11:48  Orbital Command  
  190  12:00  Refinery  
  190  12:05  Command Center  
  184  12:09  Liberator x2  
  184  12:11  Terran Infantry Weapons Level 3  
  184  12:14  Orbital Command  
  191  12:20  Marine x7  
  191  12:21  Marauder  
  199  12:30  Command Center x2  
  199  12:34  Fusion Core  
  194  12:51  Marine, Marauder  
  186  12:52  Marauder  
  189  12:59  SCV  
  189  13:03  Liberator, Marine x5, Marauder x2  
  189  13:04  Liberator  
  191  13:08  SCV  
  191  13:09  Marine  
  191  13:12  Marine x2  
  182  13:14  SCV  
  182  13:20  Marine  
  182  13:21  Marine x3, Marauder  
  182  13:24  Marine x2  
  182  13:27  Marine  
  188  13:30  Siege Tank, Marine  
  188  13:31  Marauder  
  189  13:36  Liberator x2  
  189  13:38  Marine x2  
  189  13:39  Marine, Marauder  
  199  13:42  Marine, Terran Infantry Armor Level 2  
  199  13:43  Advanced Ballistics  
  199  13:44  Terran Ship Weapons Level 2  
  199  13:48  Planetary Fortress, Refinery  
  200  13:51  Missile Turret  
  200  13:59  Orbital Command x2  
  200  14:12  Refinery x2  
  197  14:32  SCV  
  197  14:36  Marine  
  197  14:37  Marauder  
  197  14:38  Marine x7  
  156  14:39  Marauder  
  149  14:47  Viking x2  
  133  14:54  Marine  
  133  14:56  Marine  
  133  14:57  Marauder x4  
  129  15:02  Marine x2, Marauder x2  
  129  15:03  Liberator x2  
  129  15:04  Siege Tank  
  144  15:12  Marine  
  143  15:15  Command Center  
  143  15:16  SCV  
  143  15:17  Ghost, Viking x2  
  143  15:18  Marine x2  
  143  15:19  Marine, Marauder  
  143  15:20  Marine x2  
  137  15:23  Marine x2  
  129  15:30  Marine  
  129  15:35  Orbital Command  
  130  15:36  Marine  
  130  15:42  Ghost, Marine x3  
  136  15:43  Marauder x3  
  136  15:46  Viking x2  
  136  15:47  Liberator, Medivac  
  141  15:52  SCV  
  141  15:56  Marine x2, Marauder  
  117  16:00  Marine x3  
  102  16:11  Marine  
  102  16:12  Marauder  
  102  16:16  Marine, Marauder, Viking x2  
  102  16:17  Viking  
  94  16:23  Marine x5, Marauder  
  96  16:30  Liberator  
  96  16:31  Marauder  
  99  16:33  Marine  
  100  16:45  Viking  
  100  16:46  Marauder, Viking  
  102  16:47  Ghost x2, Marine, Viking  
  108  16:57  Planetary Fortress  
  104  17:02  Ghost, Marine x2  
  108  17:11  Marine, Marauder  
  108  17:12  Ghost  
  108  17:13  Viking  
  115  17:15  Medivac  
  115  17:16  Orbital Command  
Show
View Real Time Build Order
Export as new Build Order

llllllllllll Protoss - Winner!

Build Orders: 1 Gate Expand, Oracle Opening, Phoenix Opening, Carriers, Colossus Rush 

Get SALT Encoding   

  12  0:00  Probe  
  13  0:12  Probe  
  14  0:18  Pylon  
  14  0:24  Probe  
  15  0:37  Probe (Chrono Boost)  
  15  0:38  Gateway  
  16  0:47  Probe (Chrono Boost), Assimilator  
  17  0:52  Probe (Chrono Boost)  
  18  1:03  Probe  
  19  1:21  Nexus  
  19  1:29  Cybernetics Core  
  19  1:34  Assimilator  
  19  1:37  Probe (Chrono Boost)  
  21  1:47  Pylon  
  21  1:48  Probe (Chrono Boost)  
  21  1:53  Probe (Chrono Boost)  
  22  2:04  Probe  
  23  2:11  Stargate  
  23  2:16  Probe  
  23  2:17  Warp Gate  
  24  2:26  Adept  
  24  2:28  Probe  
  27  2:33  Probe  
  28  2:40  Probe  
  29  2:46  Probe  
  30  2:51  Oracle (Chrono Boost)  
  30  2:52  Probe  
  30  2:58  Probe  
  35  2:59  Stalker  
  35  3:04  Probe  
  38  3:10  Gateway  
  38  3:11  Probe  
  38  3:12  Gateway  
  39  3:16  Probe  
  40  3:20  Phoenix (Chrono Boost)  
  42  3:30  Probe x2  
  44  3:38  Pylon  
  44  3:42  Probe, Pylon  
  44  3:43  Probe  
  46  3:56  Probe x2  
  46  4:01  Phoenix (Chrono Boost)  
  50  4:08  Probe x2  
  52  4:12  Robotics Facility  
  52  4:13  Assimilator  
  52  4:15  Assimilator  
  52  4:20  Probe x2  
  52  4:22  Phoenix (Chrono Boost)  
  56  4:30  Pylon  
  56  4:31  Pylon  
  56  4:32  Probe x2, Pylon  
  56  4:38  Phoenix (Chrono Boost)  
  60  4:56  Phoenix, Nexus  
  60  4:59  Pylon  
  62  5:02  Robotics Bay  
  62  5:06  Observer (Chrono Boost)  
  63  5:11  Gateway x2  
  63  5:20  Shield Battery  
  63  5:24  Immortal (Chrono Boost)  
  63  5:28  Twilight Council  
  67  5:37  Probe  
  67  5:38  Probe  
  67  5:54  Phoenix, Colossus (Chrono Boost)  
  75  5:58  Probe x2  
  77  6:06  Zealot x4, Extended Thermal Lance (Chrono Boost)  
  77  6:10  Probe  
  86  6:17  Zealot  
  88  6:18  Charge (Chrono Boost)  
  88  6:35  Stalker x4  
  96  6:40  Probe  
  96  6:41  Probe x2  
  99  6:52  Probe  
  97  6:59  Probe  
  97  7:00  Probe, Colossus (Chrono Boost)  
  99  7:02  Assimilator  
  99  7:04  Probe, Assimilator  
  99  7:08  Pylon  
  106  7:11  Probe, Pylon  
  106  7:12  Probe, Pylon  
  108  7:16  Fleet Beacon, Probe  
  109  7:26  Probe x2  
  109  7:27  Gateway  
  109  7:28  Probe  
  112  7:33  Gateway, Pylon  
  112  7:36  Gateway, Pylon  
  112  7:45  Stargate x2  
  112  7:46  Probe x3  
  115  7:55  Colossus  
  127  8:13  Carrier (Chrono Boost)  
  127  8:21  Forge  
  127  8:27  Carrier (Chrono Boost)  
  127  8:28  Carrier (Chrono Boost)  
  139  8:37  Nexus  
  139  8:38  Pylon  
  139  8:40  Pylon  
  139  8:41  Pylon x2  
  139  8:44  Pylon  
  139  8:52  Protoss Ground Weapons Level 1 (Chrono Boost)  
  135  9:04  Shield Battery  
  135  9:09  Probe x3  
  144  9:12  Disruptor  
  144  9:13  Carrier (Chrono Boost)  
  144  9:17  Carrier (Chrono Boost)  
  147  9:21  Probe  
  147  9:22  Probe x2  
  156  9:27  Assimilator  
  156  9:28  Blink (Chrono Boost)  
  156  9:31  Assimilator  
  156  9:33  Probe  
  156  9:34  Probe x2  
  159  9:45  Probe  
  159  9:46  Probe x2  
  159  9:50  Protoss Air Weapons Level 1  
  159  9:51  Probe  
  163  9:53  Disruptor (Chrono Boost)  
  163  9:57  Probe  
  163  9:58  Probe  
  163  9:59  Probe  
  169  10:01  Robotics Facility  
  169  10:06  Carrier (Chrono Boost)  
  181  10:15  Probe  
  182  10:22  Carrier (Chrono Boost)  
  182  10:26  Pylon  
  182  10:28  Disruptor  
  185  10:35  Robotics Facility  
  185  10:37  Carrier (Chrono Boost)  
  191  10:52  Nexus  
  191  11:01  Warp Prism (Chrono Boost)  
  184  11:04  Pylon  
  189  11:11  Gravitic Drive (Chrono Boost)  
  189  11:13  Disruptor (Chrono Boost)  
  189  11:15  Protoss Ground Weapons Level 2  
  185  11:26  Cybernetics Core  
  185  11:27  Forge  
  185  11:30  Disruptor  
  188  11:36  Stalker x6  
  188  11:37  Pylon  
  188  11:38  Shield Battery  
  200  12:00  Gateway  
  200  12:01  Gravitic Boosters  
  200  12:02  Gateway  
  200  12:04  Gateway x2  
  200  12:07  Gateway x3  
  200  12:09  Protoss Air Weapons Level 2, Gateway  
  200  12:37  Protoss Ground Armor Level 1  
  198  12:53  Protoss Air Armor Level 1  
  189  13:07  Stalker x4  
  189  13:08  Stalker  
  197  13:14  Stalker  
  187  13:31  Warp Prism  
  187  13:32  Tempest x3 (Chrono Boost)  
  188  13:41  Protoss Ground Weapons Level 3  
  186  13:45  Assimilator  
  186  13:47  Assimilator  
  186  13:50  Colossus  
  192  14:05  Tempest (Chrono Boost)  
  192  14:06  Disruptor  
  200  14:29  Stalker  
  200  14:30  Stalker, Nexus  
  150  14:38  Stalker x2  
  150  14:39  Stalker x8  
  150  14:40  Stalker  
  150  14:44  Stalker x3  
  146  14:56  Stalker x2  
  140  15:02  Stalker x8  
  140  15:05  Tempest, Carrier x2  
  167  15:07  Disruptor x2  
  167  15:11  Stalker x5  
  167  15:26  Stalker x4  
  167  15:27  Stalker x6  
  178  15:41  Zealot x3  
  178  15:42  Zealot  
  180  15:56  Zealot x2  
  168  16:00  Stalker x6  
  178  16:05  Carrier  
  166  16:20  Stalker x2  
  168  16:34  Stalker x4  
  168  16:35  Stalker  
  174  16:50  Stalker x6  
  188  17:04  Photon Cannon  
  188  17:11  Pylon  
  194  17:43  Stalker  
  194  17:44  Stalker x7  
  177  17:45  Stalker x2  
  179  17:54  Stalker x5  
Tags
 
Add a new tag
Caveats
  • Supply blocks, unpowered buildings, or Contaminate may cause inaccurate times.
  • Supply counts are checked every 10 seconds.